 Dungeon Crawl Stone Soup version 0.17.1-1-g73c8601 (webtiles) character file.

2362 Opium the Grappler (level 9, -1/75 (78) HPs)
             Began as a Ghoul Monk on Dec 30, 2015.
             Was a Follower of Makhleb.
             Slain by a flying skull (5 damage)
             ... created by the anger of Yredelemnul
             ... on level 7 of the Dungeon.
             The game lasted 00:34:12 (8063 turns).

Opium the Grappler (Ghoul Monk)                     Turns: 8063, Time: 00:34:12

HP:   -1/75 (78)    AC:  2    Str: 19    XL:     9   Next: 44%
MP:   12/12         EV: 18    Int:  6    God:    Makhleb [*.....]
Gold: 317           SH:  0    Dex: 13    Spells: 0 memorised, 14 levels left

rFire  . . .     SeeInvis .       - Unarmed
rCold  + . .     Clarity  .     a - +0 robe
rNeg   + + +     SustAt   .     (no shield)
rPois  ∞         Gourm    .     (no helmet)
rElec  .         Spirit   .     (no cloak)
rCorr  .         Warding  .     (no gloves)
rMut   .         Stasis   .     (no boots)
MR     .....                    (no amulet)
Stlth  +++.......               e - +4 ring of strength
                                t - +3 ring of evasion

@: rotting, not resistant to hostile enchantments, fairly stealthy
A: rotting body, claws 1, carnivore 3, cold resistance 1, negative energy
resistance 3, slow regeneration 1, torment resistance, unbreathing
a: Renounce Religion


You were on level 7 of the Dungeon.
You worshipped Makhleb.
Makhleb was aware of your devotion.
You were not hungry.

You visited 2 branches of the dungeon, and saw 8 of its levels.

You collected 317 gold pieces.

Inventory:

Armour
 a - a +0 robe (worn)
 k - a +0 pair of gloves
Jewellery
 b - a +3 ring of evasion
 e - a +4 ring of strength (right claw)
 t - a +3 ring of evasion (left claw)
Wands
 q - a wand of flame (19)
 s - a wand of lightning (2)
 v - a wand of paralysis (9)
Scrolls
 h - 2 scrolls of noise
 o - 3 scrolls of remove curse
 p - 2 scrolls of enchant weapon
 u - a scroll of immolation {unknown}
 x - a scroll of random uselessness {unknown}
Potions
 c - a potion of heal wounds {unknown}
 d - a potion of brilliance
 g - 2 potions of degeneration {unknown}
 j - 2 potions of curing
 m - a potion of cure mutation {unknown}
 r - a potion of agility {unknown}
 w - a potion of poison {unknown}
 z - a potion of invisibility {unknown}
Books
 i - a Grand Grimoire

   Spells                             Type                      Level
   a - Monstrous Menagerie            Summoning                    6
   b - Summon Greater Demon           Summoning                    7
   c - Malign Gateway                 Summoning/Translocation      7
   d - Summon Horrible Things         Summoning                    8


   Skills:
 * Level 6.9 Fighting
 * Level 7.0 Dodging
 + Level 4.6 Stealth
 * Level 8.6 Unarmed Combat
 * Level 3.0 Spellcasting


You had 14 spell levels left.
You didn't know any spells.

Dungeon Overview and Level Annotations

Branches:
Dungeon (7/15)             Temple (1/1) D:5

Altars:
Ashenzari
Cheibriados
Dithmenos
Elyvilon
Fedhas
Gozag
Kikubaaqudgha
Makhleb
Nemelex Xobeh
Okawaru
Qazlal
Ru
Sif Muna
Trog
Vehumet
Yredelemnul
Zin
The Shining One


Innate Abilities, Weirdness & Mutations

Your body is rotting away.
You thrive on raw meat.
You are immune to poison.
You have sharp fingernails.
You are carnivorous and can eat meat at any time.
Your flesh is cold resistant.
You are immune to negative energy.
You regenerate slowly when monsters are visible.
You are immune to unholy pain and torment.
You can survive without breathing.


Message History

Yredelemnul sends servants to punish you. 3 flying skulls and a phantasmal warrior come into view.
Press: ? - help, v - describe, . - travel
Here: a flying skull (durably summoned)
The floor.
The flying skull moves out of view.
The flying skull misses you. The flying skull hits you!
The phantasmal warrior blinks!
The phantasmal warrior hits you!! The flying skull hits you!
The phantasmal warrior completely misses you.
The flying skull hits you. The flying skull hits you!
* * * LOW HITPOINT WARNING * * *
A giant cockroach comes into view.
Found a potion of curing.
The flying skull hits you!
* * * LOW HITPOINT WARNING * * *
The flying skull hits you.
You die...

# .. ... ###....
###.......
########z........
#.....W.z@....s..
##......z.####...
#..####### #.<#
#.## #.# ##.#
#..# #..†.##


You could see a phantasmal warrior, 3 flying skulls and a giant cockroach
(sleeping).

Vanquished Creatures
  The ghost of kenwiel the Cleaver, a novice DsBe of Trog (D:5)
  The ghost of Ebilmort the Arsonist, a novice OpFE of Vehumet (D:6)
  Grinder (D:3)
  An ogre (D:5)
  4 ice beasts
  A phantom (D:4)
  2 giant frogs
  3 scorpions
  A giant frog zombie (D:6)
  A crimson imp (D:5)
  A wight (D:5)
  A giant frog skeleton (D:4)
  A jelly (D:5)
  4 hounds
  2 orc wizards
  2 iguanas
  An orc priest (D:4)
  A worker ant (D:4)
  A shadow imp (D:5)
  8 adders
  2 oozes (D:2)
  2 worms (D:2)
  2 giant geckos
  10 orcs
  4 ball pythons
  8 bats
  15 giant cockroaches
  10 goblins
  3 hobgoblins
  2 jackals (D:3)
  3 quokkas
  A giant cockroach zombie (D:5)
  A giant gecko skeleton (D:4)
  3 giant newts
  A jackal skeleton (D:4)
  3 kobolds
  A quokka zombie (D:6)
  38 rats
147 creatures vanquished.

Vanquished Creatures (others)
  A fungus (D:5)
1 creature vanquished.

Grand Total: 148 creatures vanquished

Notes
Turn   | Place    | Note
--------------------------------------------------------------
     0 | D:1      | Opium the Ghoul Monk began the quest for the Orb.
     0 | D:1      | Reached XP level 1. HP: 19/19 MP: 0/0
   111 | D:1      | Reached XP level 2. HP: 24/26 MP: 1/1
   574 | D:1      | Reached skill level 5 in Unarmed Combat
   657 | D:1      | Reached XP level 3. HP: 24/30 MP: 2/2
  1418 | D:2      | Reached XP level 4. HP: 30/40 MP: 3/3
  1840 | D:3      | Noticed Grinder
  1846 | D:3      | Paralysed by Grinder for 3 turns
  1892 | D:3      | Killed Grinder
  1892 | D:3      | Reached skill level 1 in Spellcasting
  1892 | D:3      | Reached XP level 5. HP: 9/45 MP: 3/5
  1892 | D:3      | Reached XP level 6. HP: 10/51 MP: 3/6
  2246 | D:3      | Reached skill level 6 in Unarmed Combat
  3035 | D:4      | Reached XP level 7. HP: 41/56 MP: 7/7
  3172 | D:4      | Reached skill level 5 in Fighting
  4284 | D:5      | Entered Level 5 of the Dungeon
  4391 | D:5      | Found a basalt altar of Yredelemnul.
  4399 | D:5      | Became a worshipper of Yredelemnul the Dark
  4399 | D:5      | Reached * piety under Yredelemnul
  4399 | D:5      | Reached ** piety under Yredelemnul
  4646 | D:5      | Reached skill level 5 in Dodging
  4646 | D:5      | Reached XP level 8. HP: 69/69 MP: 9/9
  4681 | D:5      | Reached skill level 7 in Unarmed Combat
  4894 | D:5      | Found a staircase to the Ecumenical Temple.
  4912 | Temple   | Entered the Ecumenical Temple
  5057 | Temple   | Fell from the grace of Yredelemnul
  5057 | Temple   | Became a worshipper of Makhleb the Destroyer
  5143 | D:5      | Found a blossoming altar of Fedhas.
  5223 | D:5      | Found a white marble altar of Elyvilon.
  5420 | D:5      | Noticed kenwiel's ghost (novice DsBe)
  5511 | D:6      | Noticed Ebilmort's ghost (novice OpFE)
  5832 | D:6      | Found a glowing drain.
  6259 | D:6      | Found a snail-covered altar of Cheibriados.
  6259 | D:6      | Found an ancient bone altar of Kikubaaqudgha.
  6380 | D:6      | Reached * piety under Makhleb
  6515 | D:6      | Found a glowing silver altar of Zin.
  6750 | D:6      | Killed Ebilmort's ghost
  6750 | D:6      | Reached skill level 8 in Unarmed Combat
  6750 | D:6      | Reached XP level 9. HP: 17/77 MP: 11/11
  7145 | D:5      | Killed kenwiel's ghost
  7790 | D:6      | Noticed a phantasmal warrior
  8051 | D:7      | Noticed a phantasmal warrior
  8063 | D:7      | Slain by a flying skull

Action                   |  1- 3 |  4- 6 |  7- 9 || total
-------------------------+-------+-------+-------++-------
Melee: Unarmed           |    91 |   152 |   273 ||   516
  Use: Scroll            |     4 |     6 |     1 ||    11
       Potion            |       |     1 |     3 ||     4
 Stab: Sleeping          |     4 |     6 |     8 ||    18
  Eat: Chunk             |     5 |     4 |     9 ||    18
       Meat ration       |     1 |       |     2 ||     3
       Pizza             |       |       |     1 ||     1
